 Dungeon Crawl Stone Soup version 0.23-a0-143-g1adec7b (webtiles) character file.

330377 Amnesiac the Sniper (level 20, -2/158 HPs)
             Began as a Mummy Monk on Sept 5, 2018.
             Was a High Priest of Okawaru.
             Splashed by an acid blob's acid (9 damage)
             ... created by the Royal Jelly
             ... on level 5 of the Pits of Slime.
             The game lasted 01:39:16 (49750 turns).

Amnesiac the Sniper (Mummy Monk)                   Turns: 49750, Time: 01:39:17

Health: -2/158     AC: 29    Str: 21    XL:     20   Next: 85%
Magic:  20/26      EV: 20    Int: 13    God:    Okawaru [*****.]
Gold:   2750       SH:  0    Dex: 13    Spells: 10/19 levels left

rFire    + + .     SeeInvis .   a - +4 arbalest of Wyrd {speed, rPois rN+++ Int-2 Dex-3}
rCold    + + .     Gourm    .   (shield currently unavailable)
rNeg     + + +     Faith    .   T - +3 plate armour {rF+}
rPois    ∞         Spirit   .   m - +2 helmet
rElec    .         Reflect  .   n - scarf {rC+ rF+}
rCorr    +         Harm     +   g - +3 pair of gloves of Curiosity {rCorr Int+5 Slay+4}
MR       ++++.                  G - +2 pair of boots {Stlth+}
Stlth    +.........             i - amulet of harm
HPRegen  0.36/turn              K - ring "Quahau" {rF+ MR++ Stlth+}
MPRegen  0.20/turn              t - +5 ring of evasion

@: about to teleport, heroism, corroded, very slightly contaminated
A: no food or potions, fire vulnerability, cold resistance 1, negative energy
resistance 3, torment resistance, unbreathing, in touch with death 1
}: 2/15 runes: decaying, serpentine
a: Heroism, Finesse, Renounce Religion


You were on level 5 of the Pits of Slime.
You worshipped Okawaru.
Okawaru was extremely pleased with you.
You were not hungry.

You visited 8 branches of the dungeon, and saw 37 of its levels.
You also visited: Labyrinth and Ice Cave.

You collected 3670 gold pieces.
You spent 920 gold pieces at shops.

Inventory:

Hand Weapons
 a - the +4 arbalest of Wyrd (weapon) {speed, rPois rN+++ Int-2 Dex-3}
   (Okawaru gifted it to you on level 4 of the Snake Pit)

   Attacks with this weapon are significantly faster.
   It affects your intelligence (-2).
   It affects your dexterity (-3).
   It protects you from poison.
   It renders you almost immune to negative energy.
 b - a +5 triple crossbow of freezing {let's go}
 f - a +5 quick blade of venom
Missiles
 c - 2 throwing nets
 J - 347 bolts (quivered)
Armour
 g - the +3 pair of gloves of Curiosity (worn) {rCorr Int+5 Slay+4}
   (Okawaru gifted it to you on level 4 of the Snake Pit)

   It affects your intelligence (+5).
   It affects your accuracy and damage with ranged weapons and melee attacks
   (+4).
   It provides partial protection from all sources of acid and corrosion.
 m - a +2 helmet (worn)
 n - a scarf of resistance (worn)
 G - a +2 pair of boots of stealth (worn)
 H - a scarf of spirit shield
 Q - a +2 crystal plate armour
 T - a +3 plate armour of fire resistance (worn)
 V - a scarf of cloud immunity
Jewellery
 i - an amulet of harm (around neck)
 t - a +5 ring of evasion (right hand)
 z - a +3 ring of intelligence
 C - an uncursed ring of see invisible
 K - the ring "Quahau" (left hand) {rF+ MR++ Stlth+}
   (You found it in a labyrinth)

   [ring of stealth]

   It protects you from fire.
   It affects your resistance to hostile enchantments.
   It makes you more stealthy.
 L - a +6 ring of protection
 M - an uncursed ring of wizardry
 R - an uncursed ring of protection from fire
Wands
 h - a wand of scattershot (20)
 l - a wand of random effects (44)
 p - a wand of acid (42)
 q - a wand of iceblast (62)
 w - a wand of polymorph (55)
 x - a wand of clouds (9)
 y - a wand of disintegration (10)
 A - a wand of enslavement (70)
 P - a wand of paralysis (58)
 W - a wand of flame (31)
Scrolls
 d - 4 scrolls of teleportation {!r}
 e - 6 scrolls of immolation {!r}
 k - 10 scrolls of remove curse {!r}
 o - 5 scrolls of fear {!r}
 r - 14 scrolls of amnesia {!r}
 s - 17 scrolls of identify {!r}
 u - 5 scrolls of blinking {!r}
 v - a scroll of torment {!r}
 D - a scroll of summoning {!r}
 E - 2 scrolls of vulnerability {!r}
 F - 5 scrolls of magic mapping {!r}
 I - 3 scrolls of noise {!r}
 N - a scroll of silence {!r}
 O - 4 scrolls of fog {!r}
Miscellaneous
 j - a fan of gales
 B - a lamp of fire
 X - a lightning rod (4/4)


   Skills:
 * Level 13.9(18.9) Fighting
 - Level 8.0(13.0) Short Blades
 + Level 21.4(26.4) Crossbows
 * Level 12.0(17.0) Armour
 * Level 12.1(17.1) Dodging
 - Level 1.5(6.5) Stealth
 - Level 8.0 Invocations
 - Level 5.0 Evocations


You had 10 spell levels left.
You knew the following spells:

 Your Spells              Type           Power        Failure   Level  Hunger
a - Corpse Rot            Necr           N/A          99%         2    N/A
b - Passwall              Tmut/Erth      #.......     99%         2    N/A
c - Summon Butterflies    Summ           #.......     95%         1    N/A
v - Blink                 Tloc           N/A          99%         2    N/A
z - Swiftness             Chrm/Air       #.......     99%         2    N/A

Your spell library contained the following spells:

 Spells                   Type           Power        Failure   Level  Hunger
 Apportation              Tloc           #.....       95%         1    N/A
 Corona                   Hex            #......      95%         1    N/A
 Flame Tongue             Conj/Fire      #....        95%         1    N/A
 Magic Dart               Conj           #...         95%         1    N/A
 Call Imp                 Summ           #.......     99%         2    N/A
 Ensorcelled Hibernation  Hex/Ice        #.....       99%         2    N/A
 Searing Ray              Conj           #.....       99%         2    N/A
 Shroud of Golubria       Chrm/Tloc      #.........   99%         2    N/A
 Slow                     Hex            #.......     99%         2    N/A
 Song of Slaying          Chrm           #.......     99%         2    N/A
 Sticks to Snakes         Tmut           #.......     99%         2    N/A
 Throw Flame              Conj/Fire      #.....       99%         2    N/A
 Throw Frost              Conj/Ice       #.....       99%         2    N/A
 Confuse                  Hex            #.......     100%        3    N/A
 Conjure Flame            Conj/Fire      #.......     100%        3    N/A
 Dazzling Spray           Conj/Hex       #.....       100%        3    N/A
 Gell's Gravitas          Tloc           #.........   100%        3    N/A
 Ignite Poison            Fire/Tmut/Pois #.......     100%        3    N/A
 Inner Flame              Hex/Fire       #.......     100%        3    N/A
 Lesser Beckoning         Tloc           #.........   100%        3    N/A
 Mephitic Cloud           Conj/Pois/Air  #.......     100%        3    N/A
 Static Discharge         Conj/Air       #.......     100%        3    N/A
 Stone Arrow              Conj/Erth      #.....       100%        3    N/A
 Tukima's Dance           Hex            #.......     100%        3    N/A
 Cause Fear               Hex            #.........   100%        4    N/A
 Force Lance              Conj/Tloc      #.......     100%        4    N/A
 Fulminant Prism          Conj/Hex       #.........   100%        4    N/A
 Iskenderun's Mystic Bla  Conj           #.......     100%        4    N/A
 Leda's Liquefaction      Hex/Erth       #.........   100%        4    N/A
 Sticky Flame             Conj/Fire      #.......     100%        4    N/A
 Alistair's Intoxication  Tmut/Pois      #.......     100%        5    N/A
 Bolt of Magma            Conj/Fire/Erth #.........   100%        5    N/A
 Fireball                 Conj/Fire      #.........   100%        5    N/A
 Lightning Bolt           Conj/Air       #.........   100%        5    N/A
 Metabolic Englaciation   Hex/Ice        #.........   100%        5    N/A
 Silence                  Hex/Air        #.........   100%        5    N/A
 Summon Forest            Summ/Tloc      #.........   100%        5    N/A
 Yara's Violent Unravell  Hex/Tmut       #.........   100%        5    N/A
 Bolt of Cold             Conj/Ice       #.........   100%        6    N/A
 Bolt of Fire             Conj/Fire      #.........   100%        6    N/A
 Death Channel            Necr           #.........   100%        6    N/A
 Deflect Missiles         Chrm/Air       #.........   100%        6    N/A
 Freezing Cloud           Conj/Ice/Air   #.........   100%        6    N/A
 Invisibility             Hex            #.......     100%        6    N/A
 Iron Shot                Conj/Erth      #.........   100%        6    N/A
 Ozocubu's Refrigeration  Ice            #.........   100%        6    N/A
 Simulacrum               Ice/Necr       #.........   100%        6    N/A
 Malign Gateway           Summ/Tloc      #.........   100%        7    N/A
 Monstrous Menagerie      Summ           #.........   100%        7    N/A
 Ring of Flames           Chrm/Fire      #.........   100%        7    N/A
 Summon Greater Demon     Summ           #.........   100%        7    N/A
 Summon Hydra             Summ           #.........   100%        7    N/A
 Controlled Blink         Tloc           N/A          100%        8    N/A
 Discord                  Hex            #.........   100%        8    N/A
 Ignition                 Fire           #.........   100%        8    N/A
 Summon Horrible Things   Summ           #.........   100%        8    N/A
 Dragon's Call            Summ           #.........   100%        9    N/A
 Shatter                  Erth           #.........   100%        9    N/A
 Tornado                  Air            #.........   100%        9    N/A
 Ice Form                 Ice/Tmut       Unusable     N/A         4    N/A
 Hydra Form               Tmut           Unusable     N/A         6    N/A
 Statue Form              Tmut/Erth      Unusable     N/A         6    N/A
 Dragon Form              Tmut           Unusable     N/A         7    N/A

Dungeon Overview and Level Annotations

Branches:
Dungeon (12/15)            Temple (1/1) D:4            Lair (6/6) D:8
  Swamp (4/4) Lair:4        Snake (4/4) Lair:4        Slime (5/5) Lair:5
    Orc (2/2) D:12            Elf (3/3) Orc:2

Altars:
Ashenzari
Cheibriados
Dithmenos
Elyvilon
Fedhas
Gozag
Hepliaklqana
Kikubaaqudgha
Makhleb
Nemelex Xobeh
Okawaru
Qazlal
Ru
Sif Muna
Trog
Uskayaw
Vehumet
Wu Jian
Xom
Yredelemnul
Zin
The Shining One
Beogh
Jiyva

Shops:
D:4 !   D:10 *   Orc:1 =   Orc:2 =!*!(!(!   Elf:1 [   Elf:3 *   Snake:2 }=}
Snake:3 ?*(   Snake:4 (

Annotations:
Swamp:1 2 transporters


Innate Abilities, Weirdness & Mutations

You do not eat or drink.
Your flesh is vulnerable to fire.
You are immune to poison.
Your flesh is cold resistant. (rC+)
You are immune to negative energy. (rN+++)
You are immune to unholy pain and torment.
You can survive without breathing.
You are in touch with the powers of death.


Message History

The splash of acid hits you!
You are splashed with acid!
The acid burns!
You resist.
* * * LOW HITPOINT WARNING * * *
The acid blob is engulfed in blazing flames.
The acid blob closely misses you.
The acid blob is engulfed in blazing flames.
The azure jelly is engulfed in blazing flames.
Really read
u - 6 scrolls of blinking {!r}?
Blink to where?
Press: ? - help, Dir - move target cursor, p - azure jelly
As you read the scroll of blinking {!r}, it crumbles to dust.
The acid blob is engulfed in blazing flames. x2
You kill the acid blob!
That felt strangely unrewarding.
The azure jelly is engulfed in blazing flames.
The acid blob is engulfed in blazing flames.
The acid blob spits acid at you. The splash of acid hits you! You resist.
* * * LOW HITPOINT WARNING * * *
You are splashed with acid!
The acid burns!
You resist.
* * * LOW HITPOINT WARNING * * *
The acid blob is engulfed in blazing flames.
Okawaru accepts your kill.
You feel a bit more experienced.
The acid blob is engulfed in blazing flames.
You stop ascending the stairs.
Your surroundings seem slightly different.
Firing (i - inventory. (/) - cycle)
J - 349 bolts (quivered)
Press: ? - help, Shift-Dir - straight line, f - azure jelly
Aim: an azure jelly (heavily wounded, inner flame)
You shoot a bolt. The bolt hits the azure jelly!!
The azure jelly is almost dead.
Firing (i - inventory. (/) - cycle)
J - 348 bolts (quivered)
Press: ? - help, Shift-Dir - straight line, f - great orb of eyes, p - azure
Aim: a great orb of eyes (heavily wounded, inner flame)
You shoot a bolt. The bolt hits the great orb of eyes!!
The great orb of eyes explodes!
The fiery explosion engulfs the acid blob.
The acid blob is almost dead.
Okawaru accepts your kill.
Really read
d - 5 scrolls of teleportation {!r}?
As you read the scroll of teleportation {!r}, it crumbles to dust.
You feel strangely unstable.
The acid blob jiggles.
The acid blob spits acid at you. The splash of acid hits you!
You are splashed with acid!
The acid burns!
You resist.
* * * LOW HITPOINT WARNING * * *
The acid blob spits acid at you. The splash of acid hits you!
The acid corrodes you!
You are splashed with acid!
The acid burns!
You resist.
* * * LOW HITPOINT WARNING * * *
The acid blob spits acid at you. The splash of acid hits you! You resist.
* * * LOW HITPOINT WARNING * * *
You are splashed with acid!
The acid burns!
You resist.
* * * LOW HITPOINT WARNING * * *
Really read
O - 5 scrolls of fog {!r}?
As you read the scroll of fog {!r}, it crumbles to dust.
The scroll dissolves into smoke.
The acid blob spits acid at you. The splash of acid hits you!
You are splashed with acid!
The acid burns!
You resist.
You die...

#. #..G..... #.
###........ #.###
###.#........
##.#.###.........(..
#....##...(....J....
#......J§J....J.J..
##§.§..§(J....J.J.J
#§§§§...§J......J..
#§@§...........J...
#.§§§.........G.....
##..............J.J.
...................
#.................(G
..................(#
.................JJJ#
##...................(
.........


You could see 3 acid blobs.

Vanquished Creatures
  the Royal Jelly (Slime:5)
  Vashnia (Snake:3)
  Nikola (Snake:3)
  27 acid blobs
  2 deep elf blademasters (Elf:3)
  3 thorn hunters
  2 deep elf master archers (Elf:3)
  Kirke (Lair:6)
  Roxanne (Snake:1)
  6 azure jellies
  11 nagarajas (Snake:4)
  6 deep elf sorcerers (Elf:3)
  An orc warlord (Orc:1)
  The ghost of nubinia the Thaumaturge, a journeyman GnWz of Sif Muna (Swamp:3)
  4 deep elf elementalists
  The ghost of Peonalor the Unseen, a journeyman HaGl of Dithmenos (Lair:5)
  8 deep elf demonologists
  7 deep elf annihilators
  A minotaur (Lab)
  Snorg (Lair:6)
  3 deep elf death magi (Elf:3)
  4 death oozes (Slime:5)
  3 deep elf high priests (Elf:3)
  6 great orbs of eyes
  A ghost crab (Swamp:4)
  20 hydras
  21 naga warriors
  Fannar (Lair:2)
  10 anacondas
  28 dancing weapons
  8 alligators
  3 orc high priests (Orc:1)
  6 death yaks
  4 shock serpents
  24 naga sharpshooters
  Urug (Lair:2)
  2 spriggan berserkers (Swamp:4)
  20 deep elf knights
  3 salamander mystics
  4 sea snakes (Snake:3)
  A deep troll (Orc:1)
  3 spriggan druids
  7 swamp dragons
  13 deep elf archers
  17 naga ritualists
  A shambling mangrove (Swamp:1)
  2 orc knights
  8 orc sorcerers
  2 ugly things (IceCv)
  13 mana vipers
  6 shining eyes
  9 salamanders
  53 deep elf magi
  An oklob plant (Orc:2)
  A cyclops (D:11)
  9 elephants
  3 ice statues (IceCv)
  48 black mambas
  Maurice (D:10)
  19 naga magi
  6 guardian serpents (Snake:4)
  4 eyes of devastation
  26 spiny frogs
  4 rime drakes
  10 komodo dragons
  A queen bee (Lair:1)
  A polar bear (Lair:6)
  12 tyrant leeches
  A jumping spider (shapeshifter) (Elf:1)
  2 trolls (Orc:1)
  11 hornets
  20 blink frogs
  8 bog bodies
  Prince Ribbit (D:9)
  A dream sheep (shapeshifter) (Elf:2)
  6 hippogriffs
  6 dream sheep (Lair:5)
  97 slime creatures
  2 shadows
  4 wyverns
  27 yaks
  An air elemental (Elf:2)
  A vampire (D:11)
  6 spriggans
  2 fire elementals
  6 basilisks (Lair:4)
  2 water elementals (Elf:3)
  3 hogs (Lair:6)
  3 hungry ghosts
  Grum (D:9)
  13 golden eyes
  19 vampire mosquitoes
  73 nagas
  Menkaure (D:7)
  19 swamp worms
  19 insubstantial wisps
  A swamp worm (shapeshifter) (Elf:3)
  2 wargs (Orc:1)
  An acid dragon (D:12)
  A soldier ant (D:12)
  A floating eye (Slime:5)
  6 porcupines
  16 water moccasins
  3 sky beasts
  15 swamp drakes
  30 orc warriors
  9 ice beasts
  2 phantoms
  11 eyes of draining
  2 necrophages
  2 black bears
  2 wolves (D:9)
  9 ogres
  5 centaurs
  10 crocodiles
  A big kobold (D:12)
  24 bullfrogs
  An earth elemental (Elf:2)
  A wyvern zombie (D:9)
  A gnoll sergeant (D:9)
  2 scorpions (D:5)
  42 killer bees
  8 wights
  7 electric eels
  2 howler monkeys
  7 crimson imps
  A quasit (D:8)
  2 jellies
  21 orc priests
  Crazy Yiuf (D:7)
  2 bullfrog skeletons
  4 hounds
  33 orc wizards
  3 iguanas
  5 worker ants
  4 hell rats (Lair:4)
  Terence (D:3)
  A hound zombie (D:6)
  A hound skeleton (D:11)
  Robin (D:3)
  A worker ant zombie (D:9)
  17 adders
  12 gnolls
  A shadow imp (D:9)
  3 oozes
  3 worms
  4 dart slugs
  13 leopard geckos
  83 orcs
  6 bats
  7 giant cockroaches
  19 goblins
  13 hobgoblins
  15 jackals
  2 quokkas
  3 ball pythons
  6 frilled lizards
  A jackal zombie (D:5)
  10 kobolds
  A quokka skeleton (D:6)
  4 rats
  A bush (Lair:6)
  A fungus (Lair:4)
1424 creatures vanquished.

Vanquished Creatures (others)
  A swamp drake (Swamp:4)
  29 fungi
  64 plants
94 creatures vanquished.

Grand Total: 1518 creatures vanquished

Notes
Turn   | Place    | Note
-------+----------+-------------------------------------------
     0 | D:1      | Amnesiac the Mummy Monk began the quest for the Orb.
     0 | D:1      | Reached XP level 1. HP: 18/18 MP: 1/1
   139 | D:1      | Reached XP level 2. HP: 21/24 MP: 2/2
   681 | D:1      | Reached XP level 3. HP: 29/29 MP: 3/3
  1620 | D:2      | Reached XP level 4. HP: 33/35 MP: 4/4
  2454 | D:3      | Noticed Robin
  2465 | D:3      | Reached XP level 5. HP: 33/41 MP: 5/5
  2484 | D:3      | Killed Robin
  2770 | D:3      | Reached skill level 5 in Short Blades
  2780 | D:3      | Noticed Terence
  2798 | D:3      | Killed Terence
  3200 | D:4      | Found Dicwurel's Distillery.
  3296 | D:4      | Found a basalt altar of Yredelemnul.
  3336 | D:4      | Reached XP level 6. HP: 43/47 MP: 6/6
  3601 | D:4      | Found a staircase to the Ecumenical Temple.
  3610 | Temple   | Entered the Ecumenical Temple
  3649 | Temple   | Became a worshipper of Warmaster Okawaru
  3649 | Temple   | Reached * piety under Okawaru
  3649 | Temple   | Reached ** piety under Okawaru
  3741 | Temple   | Reached skill level 1 in Armour
  4174 | D:5      | Entered Level 5 of the Dungeon
  4351 | D:5      | Got a brightly glowing dagger
  4352 | D:5      | Identified the cursed +3 dagger "Cizxergh" {elec, Str+2
                  | Int+2} (You found it on level 5 of the Dungeon)
  4367 | D:5      | Reached XP level 7. HP: 50/52 MP: 7/7
  4774 | D:5      | Reached *** piety under Okawaru
  4883 | D:5      | Reached XP level 8. HP: 55/58 MP: 8/8
  5017 | D:6      | Got a distressingly furry robe
  5031 | D:6      | Identified the +1 robe of the Gate {*Contam rN++ MR++} (You
                  | found it on level 6 of the Dungeon)
  5511 | D:6      | Reached skill level 1 in Invocations
  5695 | D:6      | Reached **** piety under Okawaru
  5821 | D:6      | Learned a level 2 spell: Blink
  6139 | D:7      | Noticed Menkaure
  6151 | D:7      | Killed Menkaure
  6151 | D:7      | Reached skill level 5 in Invocations
  6453 | D:7      | Found a runed door.
  6457 | D:7      | Noticed Crazy Yiuf
  6459 | D:7      | Killed Crazy Yiuf
  6576 | D:7      | Reached XP level 9. HP: 49/63 MP: 13/13
  6652 | D:7      | Reached ***** piety under Okawaru
  7103 | D:8      | Found a staircase to the Lair.
  7220 | D:9      | Noticed Prince Ribbit
  7384 | D:9      | Noticed Grum
  7396 | D:9      | Killed Grum
  7754 | D:9      | Reached skill level 1 in Evocations
  7845 | D:9      | Received a gift from Okawaru
  7845 | D:9      | Reached XP level 10. HP: 31/73 MP: 16/16
  7846 | D:9      | Got a pair of bloodstained boots {god gift}
  7878 | D:8      | Identified the +0 pair of boots "Loir Myiniw" {SInv}
                  | (Okawaru gifted it to you on level 9 of the Dungeon)
  8668 | D:9      | Found a white marble altar of Elyvilon.
  8886 | D:9      | Reached skill level 5 in Fighting
  9431 | D:9      | Killed Prince Ribbit
  9733 | D:9      | Found a white marble altar of Elyvilon.
  9798 | D:10     | Entered Level 10 of the Dungeon
 10504 | D:10     | Noticed Maurice
 10522 | D:10     | Killed Maurice
 10589 | D:10     | Found Raezahu's Assorted Antiques.
 10621 | D:10     | Bought an embroidered scarf for 232 gold pieces
 10924 | Lair:1   | Entered Level 1 of the Lair of Beasts
 10929 | Lair:1   | Reached skill level 1 in Crossbows
 10954 | Lair:1   | Reached skill level 2 in Crossbows
 11084 | Lair:1   | Reached XP level 11. HP: 60/81 MP: 12/17
 11092 | Lair:1   | Reached skill level 3 in Crossbows
 11413 | Lair:1   | Reached skill level 5 in Evocations
 11713 | Lair:1   | Received a gift from Okawaru
 11713 | Lair:1   | Reached skill level 4 in Crossbows
 12128 | Lair:1   | Reached skill level 5 in Crossbows
 12128 | Lair:1   | Reached skill level 5 in Armour
 12443 | Lair:2   | Identified a scroll of acquirement {!r}
 12801 | Lair:2   | Noticed Urug
 12801 | Lair:2   | Noticed Fannar
 13019 | Lair:2   | Reached skill level 5 in Dodging
 13204 | Lair:2   | Killed Urug
 13204 | Lair:2   | Reached skill level 6 in Crossbows
 13757 | Lair:2   | Killed Fannar
 13809 | Lair:3   | Reached skill level 7 in Crossbows
 13861 | Lair:3   | Noticed a seven-headed hydra
 14167 | Lair:3   | Found a labyrinth entrance.
 14176 | Lab      | Entered a labyrinth
 14382 | Lab      | Noticed a minotaur
 14395 | Lab      | Killed a minotaur
 14395 | Lab      | Reached skill level 8 in Crossbows
 14401 | Lab      | Got a clouded brass ring
 14403 | Lab      | Identified the Reference Book on Talismans
 14410 | Lab      | Got a transparent shield
 14420 | Lab      | Identified the ring "Quahau" {rF+ MR++ Stlth+} (You found
                  | it in a labyrinth)
 14653 | Lair:3   | Reached XP level 12. HP: 85/88 MP: 18/18
 14691 | Lair:3   | Killed a seven-headed hydra
 14698 | Lair:3   | Reached skill level 9 in Crossbows
 15038 | Lair:3   | Received a gift from Okawaru
 15086 | Lair:3   | Received a gift from Okawaru
 15089 | Lair:3   | Got a steaming buckler {god gift}
 15473 | Lair:4   | Found a staircase to the Snake Pit.
 15496 | Lair:4   | Reached skill level 10 in Crossbows
 15625 | Lair:4   | Found a staircase to the Swamp.
 15808 | Lair:4   | Got a ruby-encrusted ring mail
 15866 | Lair:4   | Noticed an eight-headed hydra
 15871 | Lair:4   | Killed an eight-headed hydra
 15871 | Lair:4   | Reached skill level 11 in Crossbows
 16826 | Lair:4   | Received a gift from Okawaru
 16848 | Lair:4   | Identified the +2 ring mail "Qukkofef" {rElec} (You found
                  | it on level 4 of the Lair of Beasts)
 17252 | Lair:5   | Reached skill level 12 in Crossbows
 17257 | Lair:5   | Gained mutation: You are in touch with the powers of death.
                  | [Mummy growth]
 17257 | Lair:5   | Reached XP level 13. HP: 86/93 MP: 16/19
 17826 | Lair:5   | Found a staircase to the Slime Pits.
 17826 | Lair:5   | Found a viscous altar of Jiyva.
 17853 | Lair:5   | Found a runed gate.
 17853 | Lair:5   | Found a runed gate.
 17854 | Lair:5   | Found a runed gate.
 17857 | Lair:5   | Noticed Peonalor's ghost (journeyman HaGl)
 18237 | Lair:5   | Killed Peonalor's ghost
 18262 | Lair:6   | Entered Level 6 of the Lair of Beasts
 18262 | Lair:6   | Found a frozen archway.
 18262 | Lair:6   | Noticed Kirke
 18271 | Lair:6   | Noticed Snorg
 18274 | Lair:6   | Killed Kirke
 18287 | Lair:6   | Reached skill level 13 in Crossbows
 18294 | Lair:6   | Killed Snorg
 18386 | Lair:6   | Received a gift from Okawaru
 18387 | Lair:6   | Got a wizard robe {god gift}
 18587 | IceCv    | Entered an ice cave
 19288 | IceCv    | Identified the +2 robe of Poigown {*Contam rElec rC+}
                  | (Okawaru gifted it to you on level 6 of the Lair of Beasts)
 19395 | Lair:6   | Reached skill level 14 in Crossbows
 20359 | Lair:6   | Reached XP level 14. HP: 38/100 MP: 13/20
 20528 | Lair:6   | Reached ****** piety under Okawaru
 21402 | Lair:5   | Reached skill level 15 in Crossbows
 21602 | Lair:6   | Received a gift from Okawaru
 22284 | Lair:6   | Got a dazzling hunting sling
 23624 | D:12     | Found a staircase to the Orcish Mines.
 24008 | Orc:1    | Entered Level 1 of the Orcish Mines
 24085 | Orc:1    | Received a gift from Okawaru
 24086 | Orc:1    | Got a dazzling crystal plate armour {god gift}
 24129 | D:12     | Identified the +0 crystal plate armour of the Evening
                  | {Str+2 Dex+2} (Okawaru gifted it to you on level 1 of the
                  | Orcish Mines)
 24206 | Orc:1    | Noticed an orc warlord
 24238 | Orc:1    | Killed an orc warlord
 24266 | Orc:1    | Identified the cursed +2 hunting sling of Ipampy {freeze,
                  | rN+ Str+2} (You found it on level 6 of the Lair of Beasts)
 24286 | Orc:1    | Reached skill level 16 in Crossbows
 24301 | Orc:1    | Found a roughly hewn altar of Beogh.
 24634 | Orc:2    | Entered Level 2 of the Orcish Mines
 24634 | Orc:2    | Found Zyret's Jewellery Shop.
 26132 | Orc:2    | Found Seabbiap's General Store.
 26132 | Orc:2    | Found Odit's Antique Weapon Emporium.
 26137 | Orc:2    | Found Cupawauj's Distillery.
 26137 | Orc:2    | Found Tichuet's Distillery.
 26289 | Orc:2    | Found a staircase to the Elven Halls.
 26297 | Orc:2    | Found Tegiam's Distillery.
 26360 | Orc:2    | Found Cealom's Distillery.
 26493 | Orc:2    | Found Gokhaang's Weapon Shop.
 26655 | Orc:1    | Found Tatiumi's Jewellery Emporium.
 27362 | Snake:1  | Entered Level 1 of the Snake Pit
 27987 | Snake:1  | Noticed Roxanne
 28135 | Snake:1  | Killed Roxanne
 28142 | Snake:1  | Identified Roxanne's Papyrus of Transmutation (You took it
                  | off Roxanne on level 1 of the Snake Pit)
 28147 | Snake:1  | Learned a level 2 spell: Passwall
 28151 | Snake:1  | Received a gift from Okawaru
 28152 | Snake:1  | Got a transparent dagger {god gift}
 28153 | Snake:1  | Identified the +5 dagger of Magnificence {vamp, rC+ Str-3
                  | Int+6} (Okawaru gifted it to you on level 1 of the Snake
                  | Pit)
 28210 | Snake:1  | Reached XP level 15. HP: 103/105 MP: 21/21
 28365 | Snake:1  | Reached skill level 17 in Crossbows
 29198 | Snake:2  | Received a gift from Okawaru
 29496 | Snake:2  | Received a gift from Okawaru
 29579 | Snake:2  | Received a gift from Okawaru
 30199 | Snake:2  | Found Watz's Gadget Emporium.
 30199 | Snake:2  | Found Ziqic's Jewellery Boutique.
 30200 | Snake:2  | Found Beschull's Gadget Emporium.
 30235 | Snake:2  | Reached skill level 18 in Crossbows
 30545 | Snake:2  | Received a gift from Okawaru
 30555 | Snake:2  | Got a warped short sword {god gift}
 30556 | Snake:2  | Identified the +7 short sword of Upheaval {freeze, rPois
                  | rN+ MR+ Dex+3} (Okawaru gifted it to you on level 2 of the
                  | Snake Pit)
 30560 | Snake:2  | Found the +3 warlock's mirror {reflect}
 31029 | Snake:3  | Found Plog's Magic Scroll Boutique.
 31034 | Snake:3  | Bought a scroll of enchant armour for 82 gold pieces
 31034 | Snake:3  | Bought a scroll of brand weapon for 220 gold pieces
 31034 | Snake:3  | Bought a scroll of blinking for 82 gold pieces
 31034 | Snake:3  | Bought a scroll of magic mapping for 38 gold pieces
 31034 | Snake:3  | Bought a scroll of teleportation for 33 gold pieces
 31123 | Snake:3  | Found Omiel's Assorted Antiques.
 31511 | Snake:3  | Received a gift from Okawaru
 31587 | Snake:3  | Found Qystiah's Antique Weapon Boutique.
 31596 | Snake:3  | Noticed Nikola
 31606 | Snake:3  | Killed Nikola
 31606 | Snake:3  | Reached XP level 16. HP: 107/111 MP: 19/22
 31797 | Snake:3  | Received a gift from Okawaru
 31809 | Snake:3  | Learned a level 2 spell: Corpse Rot
 31811 | Snake:3  | Learned a level 1 spell: Summon Butterflies
 31814 | Snake:3  | Learned a level 2 spell: Swiftness
 31823 | Snake:3  | Got a steaming flail
 31988 | Snake:3  | Noticed Vashnia
 32003 | Snake:3  | Reached skill level 19 in Crossbows
 32011 | Snake:3  | Killed Vashnia
 32464 | Snake:3  | Identified the cursed +1 flail of Diet Blood {venom, rElec
                  | Int+2 Dex+3 Stlth+} (You found it on level 3 of the Snake
                  | Pit)
 32489 | Snake:4  | Entered Level 4 of the Snake Pit
 32688 | Snake:4  | Received a gift from Okawaru
 32926 | Snake:4  | Received a gift from Okawaru
 33541 | Snake:4  | Received a gift from Okawaru
 33573 | Snake:4  | Reached skill level 20 in Crossbows
 33591 | Snake:4  | Found Weujesch's Antique Weapon Shop.
 33900 | Snake:4  | Received a gift from Okawaru
 33905 | Snake:4  | Got a slimy arbalest {god gift}
 33906 | Snake:4  | Identified the +4 arbalest of Wyrd {speed, rPois rN+++
                  | Int-2 Dex-3} (Okawaru gifted it to you on level 4 of the
                  | Snake Pit)
 34077 | Snake:4  | Received a gift from Okawaru
 34082 | Snake:4  | Got a pair of shimmering gloves {god gift}
 34107 | Snake:4  | Reached XP level 17. HP: 117/117 MP: 23/23
 34912 | Snake:4  | Reached skill level 21 in Crossbows
 35055 | Snake:4  | Got an uncursed smoking hand axe {protect}
 35133 | Snake:4  | Got a serpentine rune of Zot
 35307 | Snake:4  | Received a gift from Okawaru
 35339 | Snake:4  | Found a radiant altar of Vehumet.
 35409 | Snake:4  | Identified the +3 pair of gloves of Curiosity {rCorr Int+5
                  | Slay+4} (Okawaru gifted it to you on level 4 of the Snake
                  | Pit)
 35500 | Swamp:1  | Entered Level 1 of the Swamp
 35574 | Swamp:1  | Found a transporter.
 35781 | Swamp:1  | Found a transporter.
 36283 | Swamp:2  | Got a warped buckler
 37175 | Swamp:3  | Received a gift from Okawaru
 37293 | Swamp:3  | Received a gift from Okawaru
 37357 | Swamp:3  | Found a runed door.
 37357 | Swamp:3  | Noticed nubinia's ghost (journeyman GnWz)
 37664 | Swamp:3  | Got an encrusted ring mail
 37883 | Swamp:3  | Killed nubinia's ghost
 37887 | Swamp:3  | Got a crude plate armour
 37898 | Swamp:3  | Identified the +1 ring mail of Geimisogg {rElec MP+9 Int+4}
                  | (You found it on level 3 of the Swamp)
 37909 | Swamp:3  | Identified the +9 plate armour of Rotation {rPois rN+
                  | rCorr} (You found it on level 3 of the Swamp)
 37922 | Swamp:4  | Entered Level 4 of the Swamp
 37999 | Swamp:4  | Reached XP level 18. HP: 131/131 MP: 24/24
 38305 | Swamp:4  | Received a gift from Okawaru
 38759 | Swamp:4  | Received a gift from Okawaru
 38899 | Swamp:4  | Received a gift from Okawaru
 39202 | Swamp:4  | Got a decaying rune of Zot
 39544 | Elf:1    | Entered Level 1 of the Elven Halls
 39766 | Elf:1    | Reached skill level 10 in Fighting
 40044 | Elf:1    | Found Ocwatib's Antique Armour Shoppe.
 40057 | Elf:1    | Bought an ichor-stained leather armour for 189 gold pieces
 40067 | Elf:1    | Identified the cursed +1 leather armour of Dynoiliodgh
                  | {Str+2 SInv} (You bought it in a shop on level 1 of the
                  | Elven Halls)
 40126 | Elf:1    | Identified the Almanac of Battle Magic
 40207 | Elf:1    | Received a gift from Okawaru
 41142 | Elf:1    | Found a radiant altar of Vehumet.
 41254 | Elf:2    | Received a gift from Okawaru
 41357 | Elf:2    | Reached XP level 19. HP: 65/143 MP: 25/25
 41905 | Elf:2    | Found a runed gate.
 41905 | Elf:2    | Found a runed gate.
 41905 | Elf:2    | Found a runed gate.
 42193 | Elf:2    | Received a gift from Okawaru
 42430 | Elf:2    | Received a gift from Okawaru
 42441 | Elf:2    | Reached skill level 10 in Armour
 42667 | Elf:3    | Entered Level 3 of the Elven Halls
 42696 | Elf:3    | Reached skill level 10 in Dodging
 43032 | Elf:3    | Got a flickering tin ring
 43046 | Elf:3    | Got a dazzling scimitar {protect}
 43142 | Elf:3    | Received a gift from Okawaru
 43156 | Elf:3    | Identified Xujaq's Almanac of Heat
 43351 | Elf:3    | Identified the Guide on the Traveller and Evil
 43486 | Elf:3    | Got a transparent ivory amulet
 43489 | Elf:3    | Identified the +7 scimitar of Okawaru's Delight {protect,
                  | MR+ Str+4} (You took it off a deep elf death mage on level
                  | 3 of the Elven Halls)
 43491 | Elf:3    | Identified the amulet "Ramoar" {Spirit rC+ Stlth+} (You
                  | found it on level 3 of the Elven Halls)
 43493 | Elf:3    | Identified the cursed ring "Rusyah" {Str-3 Dex+3} (You took
                  | it off a deep elf annihilator on level 3 of the Elven
                  | Halls)
 43891 | Elf:3    | Found Xirosiaf's General Store.
 43894 | Elf:3    | Bought 14 bolts for 44 gold pieces
 44463 | Slime:1  | Entered Level 1 of the Pits of Slime
 44774 | Lair:5   | Received a gift from Okawaru
 44931 | Slime:1  | Received a gift from Okawaru
 44970 | Slime:1  | Reached XP level 20. HP: 65/155 MP: 18/26
 45277 | Slime:1  | Received a gift from Okawaru
 48997 | Slime:5  | Entered Level 5 of the Pits of Slime
 49014 | Slime:5  | Received a gift from Okawaru
 49037 | Slime:5  | Paralysed by a floating eye for 4 turns
 49370 | Slime:5  | Received a gift from Okawaru
 49416 | Slime:5  | Received a gift from Okawaru
 49612 | Slime:5  | Found a viscous altar of Jiyva.
 49728 | Slime:5  | Noticed the Royal Jelly
 49737 | Slime:5  | Killed the Royal Jelly
 49749 | Slime:5  | HP: 6/158 [acid[the Royal Jelly] (9)]
 49750 | Slime:5  | Splashed by an acid blob's acid

Vault maps used:
D:1:      saegor_arrival_simple_b, minmay_strange_pillars
D:3:      first_ration, uniq_robin, uniq_terence
D:4:      minmay_temple_entry_mist, serial_shops, shop,
          yredelemnul_altar_generic
D:7:      uniq_menkaure, uniq_crazy_yiuf_cottage
D:8:      lair_entry_dummy
D:9:      overflow_temple_1_default, uniq_prince_ribbit1, uniq_grum
D:10:     serial_shops, shop, uniq_maurice
D:12:     david_orc_2, blue_anna_alchemist, minivault_27
Temple:   kilobyte_greek_temple
Lair:1:   special_room, lemuel_fruit_tree
Lair:2:   uniq_urug, uniq_fannar
Lair:3:   lab_entry_generic
Lair:4:   swamp_mist, minmay_snake_entry_six_corridors,
          cheibrodos_lair_caveside_slide, kennysheep_basilisk_garden,
          grunt_megastairs_2
Lair:5:   slime_altar_1, ebering_ghost_rock_garden, grunt_megastairs_3
Lair:6:   minmay_lair_end_frog_pond, portal_ice_cave_entry_pillars_1,
          uniq_kirke, uniq_snorg
Swamp:1:  gammafunk_its_a_trap, evilmike_swamp_ruin_house_3, swamp_pool4,
          infiniplex_staircase_pool_2
Swamp:2:  serial_swamp_ruin, evilmike_swamp_ruin_rubble_2,
          evilmike_swamp_ruin_house_4
Swamp:3:  gammafunk_ghost_grave, evilmike_swamp_ruin_house_2, swamp_pool1
Swamp:4:  swamp_basic_johnstein
Snake:1:  uniq_roxanne
Snake:2:  spider_trap, serial_bayou_shore_b, minmay_shop_grove
Snake:3:  serial_shops, shop, shop, shop, serial_bayou_shore_a, uniq_nikola,
          uniq_vashnia
Snake:4:  grunt_snake_rune_spirals, serial_shops, shop, basic_altar,
          grunt_ministairs_11, nicolae_snake_single_loop, st_stairs_10,
          eino_curves_02
Orc:1:    serial_shops, shop, basic_altar, guppyfry_orc_lava_fort
Orc:2:    st_orc_mages, serial_shops, shop, shop, shop, shop, mines3_lemuel
Elf:1:    elf_arrival_001, serial_shops, shop_statue, minmay_elf_annihilation,
          minivault_4, moated_statue, lemuel_statue_altar
Elf:3:    grunt_elf_hall_branching, serial_shops, nicolae_shop_behind_doors
Lab:      nicolae_lab_dead_adventurers
IceCv:    ice_cave_statue_garden_chambered

Skill      XL: |  1  2  3  4  5  6  7  8  9 10 11 12 13 14 15 16 17 18 19 20 |
---------------+-------------------------------------------------------------+-----
Short Blades   | 3 4 5 6 7 8 |  8.0
Armour         | 1 2 3 4 5 7 9 11 12 | 12.0
Invocations    | 5 8 |  8.0
Dodging        | 3 4 5 7 9 11 12 | 12.1
Fighting       | 4 5 6 8 11 12 13 | 13.9
Evocations     | 1 4 5 |  5.0
Crossbows      | 2 8 12 14 16 18 20 21 | 21.4
Stealth        | |  1.5

Action                   |  1- 3 |  4- 6 |  7- 9 | 10-12 | 13-15 | 16-18 | 19-21 || total
-------------------------+-------+-------+-------+-------+-------+-------+-------++-------
Melee: Short sword       |    38 |       |       |       |       |       |       ||    38
       Dagger            |   124 |   379 |   458 |   797 |   396 |       |       ||  2154
       Long sword        |       |       |       |     1 |       |       |       ||     1
       Triple crossbow   |       |       |       |       |     1 |       |       ||     1
 Fire: Arbalest          |       |       |       |   257 |   229 |   989 |   917 ||  2392
       Triple crossbow   |       |       |       |       |   581 |   418 |       ||   999
Throw: Throwing net      |       |       |       |       |     5 |       |       ||     5
Invok: Heroism           |       |       |     1 |     5 |     6 |     4 |    12 ||    28
       Finesse           |       |       |       |     4 |     1 |     4 |    12 ||    21
Evoke: Wand              |       |       |     9 |     2 |    17 |       |       ||    28
  Use: Scroll            |       |     6 |     4 |    14 |    10 |    11 |    12 ||    57
 Stab: Sleeping          |     2 |       |       |       |     1 |       |       ||     3
Armor: Robe              |     7 |       |       |       |       |       |       ||     7
       Leather armour    |    21 |     2 |       |       |       |       |       ||    23
       Chain mail        |       |   179 |   200 |   148 |       |       |       ||   527
       Plate armour      |       |       |       |   141 |   102 |   106 |   159 ||   508
       Scale mail        |       |       |       |   129 |       |       |       ||   129
       Ring mail         |       |       |       |     8 |   291 |    74 |       ||   373
Dodge: Dodged            |   110 |   105 |   142 |   378 |   432 |   225 |   184 ||  1576
Block: Buckler           |       |       |    21 |    62 |       |       |       ||    83
       Rpst.: Long sword |       |       |       |     1 |       |       |       ||     1

Table legend:
 A = Non-vault XP
 B = Vault XP
 C = Vault XP percentage of total XP
 D = Non-vault monster count
 E = Vault monster count
 F = Vault count percentage of total count
                 A         B        C        D         E       F
            +---------+---------+-------+---------+---------+-------
      Total |  335014 |  233430 |  41.1 |     983 |     428 |  30.3
            +---------+---------+-------+---------+---------+-------
        D:1 |      63 |       0 |   0.0 |      28 |       0 |   0.0
        D:2 |      53 |       0 |   0.0 |      24 |       0 |   0.0
        D:3 |     145 |      69 |  32.2 |      29 |      14 |  32.6
        D:4 |     150 |       0 |   0.0 |      13 |       0 |   0.0
        D:5 |     862 |       0 |   0.0 |      17 |       0 |   0.0
        D:6 |     729 |       0 |   0.0 |      31 |       0 |   0.0
        D:7 |     764 |     206 |  21.2 |      19 |       2 |   9.5
        D:8 |     621 |       0 |   0.0 |      12 |       0 |   0.0
        D:9 |    2660 |     685 |  20.5 |      45 |       4 |   8.2
       D:10 |    1805 |     457 |  20.2 |      37 |       1 |   2.6
       D:11 |    1357 |       0 |   0.0 |      13 |       0 |   0.0
       D:12 |    1303 |     118 |   8.3 |      12 |       7 |  36.8
     Temple |     125 |       0 |   0.0 |       1 |       0 |   0.0
     Lair:1 |    3489 |    1815 |  34.2 |      20 |      25 |  55.6
     Lair:2 |    2579 |    1749 |  40.4 |      11 |       2 |  15.4
     Lair:3 |    5808 |       0 |   0.0 |      15 |       0 |   0.0
     Lair:4 |    6959 |    3590 |  34.0 |      25 |      24 |  49.0
     Lair:5 |   13272 |    3164 |  19.3 |      33 |       9 |  21.4
     Lair:6 |    9188 |   17045 |  65.0 |      31 |      54 |  63.5
    Swamp:1 |   11087 |       0 |   0.0 |      37 |       0 |   0.0
    Swamp:2 |    7514 |       0 |   0.0 |      17 |       0 |   0.0
    Swamp:3 |   13674 |    1613 |  10.6 |      27 |       1 |   3.6
    Swamp:4 |   14516 |   19199 |  56.9 |      42 |      30 |  41.7
    Snake:1 |   14765 |    1889 |  11.3 |      30 |       1 |   3.2
    Snake:2 |   19449 |       0 |   0.0 |      39 |       0 |   0.0
    Snake:3 |   23569 |   13079 |  35.7 |      44 |       7 |  13.7
    Snake:4 |   23483 |   61508 |  72.4 |      45 |      96 |  68.1
    Slime:1 |   22791 |       0 |   0.0 |      32 |       0 |   0.0
    Slime:2 |   21621 |       0 |   0.0 |      41 |       0 |   0.0
    Slime:3 |   13100 |       0 |   0.0 |      26 |       0 |   0.0
    Slime:4 |   12759 |       0 |   0.0 |      14 |       0 |   0.0
    Slime:5 |   11906 |   23897 |  66.7 |      15 |      10 |  40.0
      Orc:1 |    5627 |    7564 |  57.3 |      40 |      43 |  51.8
      Orc:2 |    2419 |    1887 |  43.8 |      21 |      20 |  48.8
      Elf:1 |   25120 |    7001 |  21.8 |      37 |      11 |  22.9
      Elf:2 |   29090 |   22118 |  43.2 |      40 |      29 |  42.0
      Elf:3 |   10592 |   40180 |  79.1 |      20 |      26 |  56.5
        Lab |       0 |    1269 | 100.0 |       0 |       1 | 100.0
      IceCv |       0 |    3328 | 100.0 |       0 |      11 | 100.0
            +---------+---------+-------+---------+---------+-------
